 Dungeon Crawl Stone Soup version 0.28-a0-1152-g9c71ebef14 (webtiles) character file.

Game seed: 324871625418091159

9 spaghetti the Sneak (level 2, -6/24 HPs)
             Began as a Mummy Delver on Dec 14, 2021.
             Killed by divine providence
             ... invoked by an orc priest
              (13 damage)
             ... on level 4 of the Dungeon.
             The game lasted 00:00:45 (271 turns).

spaghetti the Sneak (Mummy Delver)                   Turns: 271, Time: 00:00:45

Health: -6/24      AC:  5    Str: 15    XL:     2   Next: 3%
Magic:  2/2        EV: 11    Int:  9    God:
Gold:   25         SH:  0    Dex: 13    Spells: 1/1 levels left

rFire   x . .      SeeInvis .   a - +1 falchion {long}
rCold   + . .      Faith    .   (no shield)
rNeg    + + +      Spirit   .   b - +0 leather armour
rPois   ∞          Reflect  .   j - +1 helmet
rElec   .          Harm     .   (no cloak)
rCorr   .          Rampage  .   (no gloves)
Will    +....                   (no boots)
Stlth   ++........              (no amulet)
HPRegen 0.08/turn               i - ring of willpower
MPRegen 0.08/turn               (no ring)

@: no status effects
A: cold resistance 1, negative energy resistance 3, torment resistance 2, heat
vulnerability 1, no potions
a: no special abilities


You were on level 4 of the Dungeon.
You visited 1 branch of the dungeon, and saw 2 of its levels.

You collected 25 gold pieces.


Innate Abilities, Weirdness & Mutations

You are immune to poison.
Your flesh is cold resistant. (rC+)
You are immune to negative energy. (rN+++)
You are immune to unholy pain and torment.
You are vulnerable to heat. (rF-)
You do not drink.


   Skills:
 + Level 3.6 Fighting
 - Level 1.5 Long Blades
 - Level 1.5 Dodging
 - Level 4.1 Stealth


You had one spell level left.
You didn't know any spells.
Your spell library was empty.

Inventory:

Hand Weapons
 a - a +1 falchion (weapon) {long}
Missiles
 g - 13 poisoned darts (quivered) {throwing}
 h - 19 sling bullets
Armour
 b - a +0 leather armour (worn)
 j - a +1 helmet (worn)
   (You found it on level 4 of the Dungeon)
Jewellery
 i - a ring of willpower (left hand)
   (You found it on level 4 of the Dungeon)
Wands
 f - a wand of digging (3)
Scrolls
 c - a scroll of fog
 d - a scroll of magic mapping {!r}
 e - a scroll of fear

Dungeon Overview and Level Annotations

Branches:
Dungeon (5/15)
 Temple: D:4-7

Altars:

#.# #.#.# #.# #.#.#
################ #.# #.#.#
#..............# #.# #.#.#
#.###.....####.#####.# #.#.#
#.# #..............#.######.#.#
#.# #................#......#.#
#.###.........####...#.#......#
.o.o.o..o.....o.@............>#
#.####..#.....##h#...#.#....#.#
K....#..#.....##g#...#.####.#.#
.....#........##.#...#.# #.#.#
.....#.##...oo.o.....#.# #.#.#
.....#.###.##.##.#.#.#.# #.#.#
.....#.# #..#.#..#.#.#.# #.#.#
.....#.. .....##.#.#.#.# #.#
#.#### ......##.# #.# #.#


You could see a hound, 2 orc priests and a goblin.


Message History

😎 HP[+6] MP[+1]
You now have 24 max hp (+6).
Your hp is fully restored (24).
Your mp is fully restored (2).
i - a scroll labelled OSUHITZUXOPH
As you read the scroll labelled OSUHITZUXOPH, it crumbles to dust.
It is a scroll of enchant weapon.
Your +0 falchion {long} glows red for a moment.
i - a scroll labelled FAOCAL SECVE
As you read the scroll labelled FAOCAL SECVE, it crumbles to dust.
You feel strangely unstable.
It was a scroll of teleportation.
Unknown command.
Unknown command.
Your surroundings suddenly seem different.
Unknown command.
Found a stone staircase leading down.
No target in view!
There is a stone staircase leading down here.
i - a ring of willpower
j - a +1 helmet You start putting on your armour.
You continue putting on your +1 helmet. x4
You finish putting on your +1 helmet.
i - a ring of willpower (left hand)
Found a stone staircase leading up.
You now have 25 gold pieces (gained 5).
A goblin comes into view. It is wielding a +0 club.
A quokka skeleton comes into view.
The quokka skeleton bites you but does no damage.
You slash the quokka skeleton!
You destroy the quokka skeleton!
The goblin shouts!
You hear a bark!
You hear a shout!
A hound comes into view.
A kobold comes into view.
It is wielding a +4 dagger and quivering poisoned darts.
You closely miss the goblin. The goblin barely misses you.
An orc comes into view. It is wielding a +0 trident.
An orc priest comes into view.
It is wielding a +2 flail of protection.
You closely miss the goblin. The goblin hits you with a +0 club.
An orc priest comes into view. It is wielding a +0 flail. 😕 HP[-4]
You take 4 damage, and now have 20/24 hp.
You closely miss the hound. The hound bites you but does no damage.
The goblin hits you with a +0 club. The hound barely misses you.
The goblin hits you but does no damage. 😮 HP[-3]
You take 3 damage, and now have 17/24 hp.
You are too injured to fight recklessly!
You are too injured to fight recklessly!
You are too injured to fight recklessly!
You are too injured to fight recklessly!
You are too injured to fight recklessly!
You are too injured to fight recklessly!
You are too injured to fight recklessly!
You are too injured to fight recklessly!
You are too injured to fight recklessly!
You are too injured to fight recklessly!
You are too injured to fight recklessly!
You are too injured to fight recklessly!
You are too injured to fight recklessly!
You are too injured to fight recklessly!
You are too injured to fight recklessly!
You are too injured to fight recklessly!
You are too injured to fight recklessly!
Unknown command.
The hound bites you but does no damage. The hound misses you.
The hound closely misses you. The hound bites you. 😮 HP[-1]
You take 1 damage, and now have 16/24 hp. 😮 HP[+1]
The hound closely misses you.
The orc priest mumbles some strange prayers to Beogh against you.
Beogh smites you!
* * * LOW HITPOINT WARNING * * *
😨 HP[-10]
You take 10 damage, and now have 7/24 hp.
MASSIVE DAMAGE!! (PAUSE)
The hound bites you but does no damage. The hound bites you.
* * * LOW HITPOINT WARNING * * *
😱 HP[-1]
You take 1 damage, and now have 6/24 hp.
The kobold throws a poisoned dart.
The poisoned dart hits you! The hound closely misses you.
The hound completely misses you.
You can't drink.
Okay, then.
Okay, then.
You slash the hound! The hound completely misses you.
You closely miss the hound. The hound closely misses you. x2
You barely miss the hound. The hound misses you.
The hound barely misses you. 😨 HP[+1]
The hound barely misses you. The hound bites you but does no damage.
There is a stone staircase leading up here.
The hound barely misses you.
The orc priest mumbles some strange prayers to Beogh against you.
Beogh smites you!
Ouch! That really hurt!
You die...

Action                   || total
-------------------------++-------
Melee: Falchion          ||    20
  Use: Scroll            ||     2
 Stab: Distracted        ||     1
Armor: Leather armour    ||    12
Dodge: Dodged            ||    23

Levels and vault maps discovered:
D:4:      layout_basic, chequers_serial_rivers_large_b, nrook_mini_vaults
D:5:      layout_basic, minmay_fire_ice_demons, uniq_prince_ribbit1

Notes
Turn   | Place    | Note
-------+----------+-------------------------------------------
     0 | D:5      | spaghetti the Mummy Delver began the quest for the Orb.
     0 | D:5      | Reached XP level 1. HP: 18/18 MP: 1/1
     0 | D:5      | magus.rc [v1.9.6]
     9 | D:5      | Noticed a hound
   143 | D:4      | Reached XP level 2. HP: 24/24 MP: 2/2
   260 | D:4      | HP: 6/24 [hound (1)]
   271 | D:4      | Killed from afar by an orc priest

Vanquished Creatures
  An endoplasm (D:4)
  A goblin (D:4)
  2 hobgoblins (D:4)
  2 jackals (D:4)
  A quokka skeleton (D:4)
7 creatures vanquished.

Table legend:
 A = Non-vault XP
 B = Vault XP
 C = Vault XP percentage of total XP
 D = Non-vault monster count
 E = Vault monster count
 F = Vault count percentage of total count
                 A         B        C        D         E       F
            +---------+---------+-------+---------+---------+-------
      Total |      13 |       0 |   0.0 |       7 |       0 |   0.0
            +---------+---------+-------+---------+---------+-------
        D:4 |      13 |       0 |   0.0 |       7 |       0 |   0.0
            +---------+---------+-------+---------+---------+-------

Illustrated notes

Table legend:
 A = Kills in this place as a percentage of kills in entire the game.
 B = Kills by you in this place as a percentage of kills by you in the entire game.
 C = Kills by friends in this place as a percentage of kills by friends in the entire game.
 D = Other kills in this place as a percentage of other kills in the entire game.
 E = Experience gained in this place as a percentage of experience gained in the entire game.
 F = Experience gained in this place divided by the number of levels of this place that you have seen.
                   A       B       C       D       E      F
               +-------+-------+-------+-------+-------+----------------------
         Total | 100.0 | 100.0 |   N/A |   N/A | 100.0 |   6.5
       Dungeon | 100.0 | 100.0 |   N/A |   N/A | 100.0 |   6.5
               +-------+-------+-------+-------+-------+----------------------

Table legend: (Time is in decaauts)
 A = Elapsed time spent in this place.
 B = Non-inter-level travel time spent in this place.
 C = Inter-level travel time spent in this place.
 D = Time resting spent in this place.
 E = Time spent auto-exploring this place.
 F = Levels seen in this place.
 G = Mean time per level.
                   A        B        C        D        E       F      G
               +--------+--------+--------+--------+--------+-----+--------+
         Total |    274 |    273 |      1 |      0 |    182 |   2 |  137.0 |
       Dungeon |    274 |    273 |      1 |      0 |    182 |   2 |  137.0 |
               +--------+--------+--------+--------+--------+-----+--------+

Top non-repeatable levels by time:
     D:4: 256 daAuts
     D:5: 18 daAuts
